 Dungeon Crawl Stone Soup version 0.22-a0-69-g116c2a8 (webtiles) character file.

126 KristoblXynda the Slasher (level 4, 0/54 HPs)
             Began as a Draconian Gladiator on Jan 11, 2018.
             Succumbed to Ijyb's poison
             ... on level 3 of the Dungeon.
             The game lasted 00:02:36 (1540 turns).

KristoblXynda the Slasher (Draconian Gladiator)     Turns: 1540, Time: 00:02:37

Health: 0/54       AC: 25    Str: 16    XL:     4   Next: 83%
Magic:  3/4        EV:  2    Int: 10    God:
Gold:   97         SH:  0    Dex: 12    Spells: 3/3 levels left

rFire    + . .     SeeInvis .   a - +0 long sword
rCold    + . .     Gourm    .   (no shield)
rNeg     + + +     Faith    .   (armour unavailable)
rPois    +         Spirit   +   (helmet currently unavailable)
rElec    +         Reflect  .   (cloak currently unavailable)
rCorr    +         Harm     .   (gloves currently unavailable)
MR       .....     NoTele   +   (boots currently unavailable)
Stlth    +.........             n - amulet of guardian spirit
HPRegen  0.18/turn              o - +3 ring of protection
MPRegen  0.09/turn              (no ring)

@: lethally poisoned (0 -> -10), tree-form, resistant, berserk cooldown, slowed,
very slow
A: unfitting armour, AC +5
a: no special abilities


You were on level 3 of the Dungeon.
You were not hungry.
You were a tree.
You visited 1 branch of the dungeon, and saw 3 of its levels.

You collected 97 gold pieces.

Inventory:

Hand Weapons
 a - a +0 long sword (weapon)
Missiles
 c - 2 throwing nets (quivered)
Armour
 b - a +0 hat (melded)
Jewellery
 f - an uncursed amulet of faith
 n - an amulet of guardian spirit (around neck)
 o - a +3 ring of protection (left branch)
Scrolls
 g - a scroll of fog {unknown}
 h - a scroll of enchant armour {unknown}
 j - a scroll of enchant weapon {unknown}
 k - a scroll of magic mapping
 m - 2 scrolls of remove curse
Potions
 p - a potion of berserk rage
Comestibles
 d - 3 rations


   Skills:
 - Level 2.1 Fighting
 + Level 4.0 Long Blades
 + Level 3.0 Throwing
 + Level 3.7 Dodging


You had 3 spell levels left.
You didn't know any spells.

Dungeon Overview and Level Annotations

Branches:
Dungeon (3/15)

Altars:
Uskayaw


Innate Abilities, Weirdness & Mutations

((Your plain brown scales are hard. (AC +5)))
You cannot fit into any form of body armour.
((You are cold-blooded and may be slowed by cold attacks.))


Message History

The jackal barely misses you.
You riposte.
You closely miss the jackal.
The jackal is almost dead.
The jackal bites you.
* * * LOW HITPOINT WARNING * * *
The jackal barely misses you. x2
The hobgoblin hits you but does no damage.
The jackal bites you but does no damage.
You slash the jackal!
You kill the jackal!
* * * LOW HITPOINT WARNING * * *
You feel sick.
The jackal bites you but does no damage. x5
The kobold throws a stone.
The stone hits you but does no damage.
The hobgoblin hits you but does no damage.
The jackal bites you but does no damage.
The jackal completely misses you.
You riposte.
You closely miss the jackal.
The jackal is heavily wounded.
The jackal bites you but does no damage.
You closely miss the kobold.
You die...

.........#############
.....................#
....>................####
........................#
........................#
........................#
........................#
.......hKg..............#
.......h♣...............#
.......h................#
#########.%.............#
#...............#
#...............#
#................
#...?........####
############.# .#


You could see 3 jackals, a hobgoblin and a kobold.

Vanquished Creatures
  A crimson imp (D:2)
  Ijyb (D:3)
  A shadow imp (D:2)
  An ooze (D:2)
  2 dart slugs
  A worm (D:2)
  A leopard gecko (D:1)
  3 bats
  2 giant cockroaches (D:2)
  9 goblins
  2 hobgoblins (D:1)
  7 jackals
  3 frilled lizards
  7 kobolds
  4 rats
45 creatures vanquished.

Notes
Turn   | Place    | Note
-------+----------+-------------------------------------------
     0 | D:1      | KristoblXynda the Draconian Gladiator began the quest for the Orb.
     0 | D:1      | Reached XP level 1. HP: 17/17 MP: 1/1
    83 | D:1      | Reached XP level 2. HP: 23/24 MP: 2/2
   460 | D:1      | You fall through a shaft!
   470 | D:2      | Reached XP level 3. HP: 11/29 MP: 3/3
   627 | D:2      | Reached XP level 4. HP: 23/36 MP: 4/4
   737 | D:2      | Found a hide-covered altar of Uskayaw.
  1513 | D:3      | Noticed Ijyb
  1528 | D:3      | Killed Ijyb
  1528 | D:3      | Reached skill level 4 in Long Blades
  1539 | D:3      | HP: 2/54 [poisoned by Ijyb]
  1540 | D:3      | Succumbed to Ijyb's poison

Vault maps used:
D:1:      evilmike_arrival_crescent
D:2:      nicolae_overflow_hidden_temple
D:3:      uniq_ijyb, uniq_crazy_yiuf_cottage, uniq_sigmund

Skill      XL: |  1  2  3  4 |
---------------+-------------+-----
Throwing       | 2 3 |  3.0
Dodging        | 3 |  3.7
Long Blades    | 4 |  4.0
Fighting       | |  2.1

Action                   |  1- 3 |  4- 6 || total
-------------------------+-------+-------++-------
Melee: Long sword        |    64 |    56 ||   120
       Tailslap          |    16 |     5 ||    21
Throw: Throwing net      |       |     1 ||     1
  Use: Scroll            |       |     4 ||     4
       Potion            |       |     3 ||     3
  Eat: Chunk             |       |     2 ||     2
Armor: Skin              |    21 |    60 ||    81
Dodge: Dodged            |    40 |    43 ||    83
       Rpst.: Long sword |    13 |    15 ||    28

Table legend:
 A = Spawn XP
 B = Non-spawn XP
 C = Spawn XP percentage of total XP
 D = Spawn monster count
 E = Non-spawn monster count
 F = Spawn count percentage of total count
 G = Total turns spent on level
                    A         B        C        D         E        F      G
               +---------+---------+-------+---------+---------+-------+---------
         Total |       0 |     180 |   0.0 |       0 |      45 |   0.0 |  1540
               +---------+---------+-------+---------+---------+-------+---------
           D:1 |       0 |      40 |   0.0 |       0 |      22 |   0.0 |   608
           D:2 |       0 |     100 |   0.0 |       0 |      21 |   0.0 |   897
           D:3 |       0 |      40 |   0.0 |       0 |       2 |   0.0 |    35
               +---------+---------+-------+---------+---------+-------+---------
